 Dungeon Crawl Stone Soup version 0.26.1-11-gd32895ea62 (webtiles) character file.

Game seed: 10104599480693610156

61200 Almogavar the Carver (level 14, -2/106 HPs)
             Began as a Minotaur Berserker on May 6, 2021.
             Was a High Priest of Trog.
             Slain by a bog body (9 damage)
             ... summoned by a worldbinder
             ... on level 2 of the Abyss on May 7, 2021.
             The game lasted 00:58:57 (17350 turns).

Almogavar the Carver (Minotaur Berserker)          Turns: 17350, Time: 00:58:58

Health: -2/106     AC: 17    Str: 23      XL:     14   Next: 59%
Magic:  7/8        EV: 13    Int:  2 (3)  God:    Trog [*****.]
Gold:   2438       SH:  6    Dex:  8      Spells: 13/13 levels left

rFire    + + .     SeeInvis .   S - +9 long sword "Ijimiq" {vorpal, rF+ Int+3}
rCold    . . .     Faith    .   n - +0 buckler
rNeg     . . .     Spirit   .   R - +2 plate armour {rF+}
rPois    +         Reflect  .   (helmet restricted)
rElec    .         Harm     .   i - +0 cloak of the Saviour {rPois Stlth+}
rCorr    .         Rampage  .   s - +1 pair of gloves
Will     +....     Rnd*Rage +   (no boots) Stlth ..........Rnd*Tele +
                                (no amulet)
HPRegen  0.27/turn              D - +4 ring of slaying
MPRegen  0.11/turn              x - +4 ring of evasion

@: no status effects
A: retaliatory headbutt, horns 2, [berserk 2], [blurry vision 2], clumsy 1,
[deformed body], [deterioration 2], [dopey 2], [frail 2], [low mp 3], [screaming
2], [teleportitis 2], [weak 2], [subdued magic 2]
a: Renounce Religion, Berserk, Trog's Hand, Brothers in Arms


You were on level 2 of the Abyss.
You worshipped Trog.
Trog was extremely pleased with you.
You visited 3 branches of the dungeon, and saw 15 of its levels.
You visited the Abyss 1 time.
You also visited: Bailey and Volcano.

You collected 2578 gold pieces.
You spent 140 gold pieces at shops.

Inventory:

Hand Weapons
 a - the +1 long sword of Sezyekhi {flame, rC++ Str+3 Int+4}
   (You found it on level 5 of the Dungeon)

   It has been specially enchanted to burn those struck by it, causing extra
   injury to most foes and up to half again as much damage against particularly
   susceptible opponents.
   Big, fiery blades are also staple armaments of hydra-hunters.
   It affects your strength (+3).
   It affects your intelligence (+4).
   It greatly protects you from cold.
 d - a +2 scimitar of flaming
 w - a +4 hunting sling
 z - a +6 falchion
 I - a +2 vorpal trident
 S - the +9 long sword "Ijimiq" (weapon) {vorpal, rF+ Int+3}
   (Trog gifted it to you on level 3 of the Lair of Beasts)

   It inflicts extra damage upon your enemies.
   It affects your intelligence (+3).
   It protects you from fire.
Missiles
 c - 67 bolts
 h - 250 arrows
 j - 298 stones
 A - 169 sling bullets
Armour
 g - a +0 kite shield
 i - the +0 cloak of the Saviour (worn) {rPois Stlth+}
   (You found it on level 5 of the Dungeon)

   It protects you from poison.
   It makes you more stealthy.
 n - a +0 buckler (worn)
 q - a +0 plate armour
 s - a +1 pair of gloves (worn)
 v - a +1 plate armour of cold resistance
 F - a +0 chain mail
 R - a +2 plate armour of fire resistance (worn)
Jewellery
 l - an uncursed ring of flight
 t - a +6 ring of dexterity
 u - an uncursed ring of protection from cold
 x - a +4 ring of evasion (right hand)
 D - a +4 ring of slaying (left hand)
 G - an uncursed amulet of regeneration
 K - the brooch of Shielding {Spirit SH+8}
   (You found it on level 2 of the Lair of Beasts)

   [amulet of guardian spirit]

   It causes incoming damage to be split between your health and magic.
   It affects your SH (+8).
 W - a +6 ring of intelligence {unknown}
 X - an uncursed amulet of magic regeneration {unknown}
Wands
 B - a wand of acid (9)
 J - a wand of random effects (20)
 O - a wand of polymorph (12)
 T - a wand of paralysis (4)
Scrolls
 e - 11 scrolls of remove curse
 f - 3 scrolls of magic mapping
 m - 5 scrolls of blinking
 p - 3 scrolls of enchant weapon
 y - 2 scrolls of silence
 C - 5 scrolls of teleportation
 H - 3 scrolls of enchant armour
 L - a scroll of fog
 P - 5 scrolls of fear {unknown}
 U - a scroll of identify
 V - a scroll of holy word
Potions
 b - 2 potions of haste
 k - 7 potions of heal wounds
 o - 5 potions of curing
 r - 2 potions of flight
 E - 2 potions of ambrosia
 M - 5 potions of might
 N - 3 potions of brilliance {unknown}
 Q - a potion of resistance {unknown}
 Y - a potion of degeneration {unknown}


   Skills:
 + Level 14.9 Fighting
 - Level 14.9 Long Blades
 - Level 12.3 Slings
 + Level 13.8 Armour
 + Level 6.2 Dodging
 - Level 1.1 Stealth
 + Level 9.8 Shields


You had 13 spell levels left.
You didn't know any spells.
Your spell library was empty.

Dungeon Overview and Level Annotations

Branches:
Dungeon (10/15)            Temple (0/1) D:7            Lair (3/6) D:9
    Orc (2/2) D:10            Elf (0/3) Orc:2        Bailey (visited)
Volcano (visited)
  Swamp: Lair:2-4    Shoals: Lair:2-4     Snake: Lair:2-4    Spider: Lair:2-4

Altars:
Fedhas
Nemelex Xobeh
Ru
Xom
The Shining One
Beogh
Jiyva

Shops:
D:5 *!(:   Orc:1 (   Orc:2 [![:


Innate Abilities, Weirdness & Mutations

You reflexively headbutt those who attack you in melee.
You have a pair of horns on your head.
You are clumsy. (Dex -2)
[You often lose your temper in combat.]
[Scrolls take you longer to read.]
[Armour fits poorly on your strangely shaped body.]
[Your body often deteriorates upon taking damage.]
[You are very dopey. (Int -4)]
[You are very frail. (-20% HP)]
[Your magical capacity is extremely low. (-30% MP)]
[You sometimes yell uncontrollably at your foes.]
[You are sometimes teleported next to monsters.]
[You are very weak. (Str -4)]
[Your spells are easier to cast, but less powerful.]


Message History

Your ogre hits the large abomination with a +0 giant club!!
The worldbinder hits you but does no damage.
The worldbinder closely misses you.
Your ogre rages.
Your ogre struggles to escape constriction.
The starspawn tentacle constricts your ogre.
Your ogre closely misses the blizzard demon.
A large abomination comes into view.
The wretched star pulses with an eldritch light!
Your body twists and deforms.
Your ogre twists and deforms.
Your ogre is constricted.
The blizzard demon waves its arms in wide circles.
The air twists around and strikes you!
* * * LOW HITPOINT WARNING * * *
Your body deteriorates!
You feel dopey.
Your ogre barely misses the blizzard demon.
The worldbinder hits you but does no damage. x2
The bog body touches you!
You die...

≈≈≈≈≈≈│♣│..........
≈≈≈≈≈≈│Λ│..........
≈≈≈≈♣ww│>.........
#≈≈≈≈OX.z.#....
##..##≈2zz## ...
#....#X*...#....
##..4.........
#..xX.........
#.@nnn........
#...#.....#.!..
#...###...###...
#... .....# ...
...#. .......
...... ...... .#X.
.. ..... #..#..


You could see a tentacled starspawn, a wretched star, a blizzard demon, 3 large
abominations, a hellwing, a worldbinder, 3 bog bodies, 3 wights and a friendly
ogre (summoned, berserk, misshapen).

Vanquished Creatures
  Rupert (Lair:3)
  2 orc warlords
  The ghost of manix the Harbinger of Death, a journeyman DDAr of Yredelemnul (Lair:3)
  The ghost of Iskender the Impaler, a journeyman FoCK of Xom (Lair:2)
  A death ooze (Lair:3)
  A great orb of eyes (Abyss:2)
  A rakshasa (Abyss:2)
  A boulder beetle (D:9)
  5 hydras
  7 two-headed ogres
  A dancing weapon (Volcano)
  A queen ant (Lair:2)
  5 orc high priests
  A thrashing horror (Abyss:2)
  3 large abominations (Abyss:2)
  A spectral death yak (Lair:2)
  A spatial maelstrom (Abyss:2)
  5 wizards (Volcano)
  A phantasmal warrior (Abyss:2)
  The ghost of Elleran the Cleaver, a novice MiFi (D:6)
  Pikel (D:6)
  3 orc knights (Orc:2)
  5 orc sorcerers
  A cyclops (Orc:2)
  2 slime creatures (Lair:3)
  5 toenail golems (Volcano)
  2 worldbinders (Abyss:2)
  A black mamba (Lair:1)
  2 smoke demons (Abyss:2)
  A centaur zombie (D:10)
  An orange demon (Abyss:2)
  3 cane toads (Lair:1)
  A hellion (Abyss:2)
  An efreet (Abyss:2)
  2 komodo dragons (Lair:1)
  An ancient zyme (Abyss:2)
  A rime drake (Lair:1)
  6 trolls
  7 blink frogs (Lair:3)
  A polar bear (Lair:1)
  A hornet (D:7)
  Grinder (D:4)
  A meliai zombie (D:10)
  A flying skull (Abyss:2)
  2 wraiths (Abyss:2)
  A ynoxinul (Abyss:2)
  4 wyverns
  11 yaks
  Grum (D:9)
  A steam dragon (Lair:1)
  2 neqoxecs (Abyss:2)
  A death yak simulacrum (Lair:2)
  2 chaos spawn (Abyss:2)
  Menkaure (D:5)
  A spatial vortex (Abyss:2)
  8 wargs
  13 soldier ants (Lair:2)
  9 water moccasins
  44 orc warriors
  A sky beast (D:5)
  3 ice beasts
  2 black bears (Lair:3)
  14 ogres
  3 phantoms
  5 wolves
  4 centaurs
  2 lemures (D:6)
  10 bullfrogs
  8 gnoll sergeants (Bailey)
  3 small abominations (Abyss:2)
  3 killer bees (D:10)
  4 wights (D:6)
  4 bullfrog zombies
  7 hounds
  2 quasits (Abyss:2)
  2 iron imps (Abyss:2)
  4 starcursed masses (Abyss:2)
  2 jellies (Lair:3)
  25 orc priests
  A centaur skeleton (D:10)
  3 bullfrog skeletons
  20 orc wizards
  6 gnoll shamans (Bailey)
  Jessica (D:2)
  Ijyb (D:4)
  An iguana (D:5)
  39 worker ants
  Robin (D:2)
  24 gnolls
  12 adders
  4 shadow imps
  4 white imps
  6 ufetubi
  An ooze (D:3)
  An adder skeleton (D:4)
  2 adder zombies (D:5)
  A worm (D:5)
  A dart slug (D:1)
  5 leopard geckos
  102 orcs
  4 giant cockroaches
  27 goblins
  6 hobgoblins
  12 jackals
  2 quokkas
  5 bats
  8 frilled lizards
  3 kobolds
  A leopard gecko zombie (D:5)
  2 quokka skeletons
  6 rats
  A lurking horror (Abyss:2)
614 creatures vanquished.

Vanquished Creatures (collateral kills)
  A wretched star (Abyss:2)
  A spectral hydra (Lair:2)
  A fire giant zombie (Abyss:2)
  An ancient zyme (Abyss:2)
  A chaos spawn (Abyss:2)
  An orc warrior (Orc:2)
  2 cane toad simulacra (Lair:2)
  A komodo dragon simulacrum (Lair:2)
  5 starcursed masses (Abyss:2)
  An orc priest (Orc:2)
  An orc (Orc:2)
16 creatures vanquished.

Vanquished Creatures (others)
  A fungus (Lair:3)
  9 plants (D:6)
  11 starspawn tentacles (Abyss:2)
21 creatures vanquished.

Grand Total: 651 creatures vanquished

Notes
Turn   | Place    | Note
-------+----------+-------------------------------------------
     0 | D:1      | Almogavar the Minotaur Berserker began the quest for the
                  | Orb.
     0 | D:1      | Reached XP level 1. HP: 19/19 MP: 0/0
   523 | D:1      | Reached XP level 2. HP: 27/27 MP: 1/1
   961 | D:2      | Reached XP level 3. HP: 33/33 MP: 2/2
  1010 | D:2      | Found a shimmering altar of Xom.
  1082 | D:2      | Reached ** piety under Trog
  1088 | D:2      | Noticed Robin
  1095 | D:2      | Killed Robin
  1174 | D:2      | Reached XP level 4. HP: 38/41 MP: 3/3
  1393 | D:2      | Noticed Jessica
  1402 | D:2      | Killed Jessica
  1403 | D:2      | Reached skill level 5 in Long Blades
  2062 | D:3      | Reached XP level 5. HP: 44/47 MP: 4/4
  2154 | D:3      | You fall into a shaft and drop 3 floors!
  2227 | D:6      | Reached skill level 5 in Fighting
  2227 | D:6      | Reached XP level 6. HP: 50/56 MP: 5/5
  2516 | D:6      | Found a blossoming altar of Fedhas.
  2671 | D:6      | Reached XP level 7. HP: 47/61 MP: 6/6
  2754 | D:6      | Reached skill level 5 in Armour
  2826 | D:5      | Entered Level 5 of the Dungeon
  2963 | D:4      | Reached skill level 1 in Shields
  3265 | D:4      | Noticed Grinder
  3283 | D:4      | Killed Grinder
  3283 | D:4      | Reached *** piety under Trog
  3467 | D:4      | Noticed Ijyb
  3470 | D:4      | Reached XP level 8. HP: 70/70 MP: 7/7
  3477 | D:4      | Killed Ijyb
  3646 | D:4      | Found a glowing golden altar of the Shining One.
  3675 | D:4      | Found a sacrificial altar of Ru.
  3830 | D:5      | Found Wuaczah's Weapon Emporium.
  3839 | D:5      | Found Casmer's Distillery.
  3850 | D:5      | Bought a potion of heal wounds for 70 gold pieces
  3850 | D:5      | Bought a potion of heal wounds for 70 gold pieces
  3867 | D:5      | Got a spiked cloak
  3878 | D:5      | Identified the +0 cloak of the Saviour {rPois Stlth+} (You
                  | found it on level 5 of the Dungeon)
  3991 | D:5      | Found Faguick's Assorted Antiques.
  4091 | D:5      | Found Duffumal's Book Emporium.
  4093 | D:5      | Got a steaming long sword
  4094 | D:5      | Identified the +1 long sword of Sezyekhi {flame, rC++ Str+3
                  | Int+4} (You found it on level 5 of the Dungeon)
  4097 | D:5      | Noticed Menkaure
  4105 | D:5      | Killed Menkaure
  4380 | D:6      | Noticed Pikel
  4387 | D:6      | Killed Pikel
  4388 | D:6      | Reached skill level 10 in Long Blades
  4388 | D:6      | Reached XP level 9. HP: 79/79 MP: 8/8
  4731 | D:6      | Found a runed translucent door.
  4736 | D:6      | Noticed Elleran's ghost (novice MiFi)
  5033 | D:6      | Reached skill level 1 in Slings
  5035 | D:6      | Killed Elleran's ghost
  5317 | D:7      | Reached **** piety under Trog
  5326 | D:7      | Reached skill level 1 in Stealth
  5338 | D:7      | Found a staircase to the Ecumenical Temple.
  6194 | D:8      | Found a sparkling altar of Nemelex Xobeh.
  6775 | D:9      | Found a staircase to the Lair.
  7035 | D:9      | Noticed Grum
  7045 | D:9      | Killed Grum
  7046 | D:9      | Reached XP level 10. HP: 88/88 MP: 9/9
  7079 | D:9      | Noticed a two-headed ogre
  7085 | D:9      | Killed a two-headed ogre
  7200 | D:9      | Reached skill level 5 in Slings
  7490 | D:10     | Entered Level 10 of the Dungeon
  7490 | D:10     | Noticed a boulder beetle
  7656 | D:9      | Killed a boulder beetle
  8103 | D:10     | Reached ***** piety under Trog
  8222 | D:10     | Reached XP level 11. HP: 85/97 MP: 10/10
  8458 | D:10     | Found a staircase to the Orcish Mines.
  8473 | Orc:1    | Entered Level 1 of the Orcish Mines
  8509 | Orc:1    | Noticed an orc sorcerer
  8510 | Orc:1    | Found Ecoote's Antique Weapon Shoppe.
  8512 | Orc:1    | Killed an orc sorcerer
  8517 | Orc:1    | Noticed a two-headed ogre
  8523 | Orc:1    | Killed a two-headed ogre
  8533 | Orc:1    | Reached skill level 10 in Armour
  8576 | Orc:1    | Found a flagged portal.
  8586 | Bailey   | Entered a bailey
  8676 | Bailey   | Reached skill level 10 in Fighting
  9246 | Orc:1    | Noticed an orc sorcerer
  9249 | Orc:1    | Paralysed by an orc sorcerer for 4 turns
  9249 | Orc:1    | Noticed an orc warlord
  9255 | Orc:1    | Noticed a sun demon
  9397 | D:10     | Killed an orc warlord
  9398 | D:10     | Reached skill level 5 in Shields
  9486 | Orc:1    | Killed an orc sorcerer
  9486 | Orc:1    | Reached ****** piety under Trog
  9819 | Orc:1    | Noticed an orc high priest
  9830 | Orc:1    | Reached skill level 5 in Dodging
  9834 | Orc:1    | Killed an orc high priest
  9935 | Orc:2    | Entered Level 2 of the Orcish Mines
 10048 | Orc:2    | Noticed a two-headed ogre
 10060 | Orc:2    | Killed a two-headed ogre
 10061 | Orc:2    | Reached XP level 12. HP: 47/108 MP: 11/11
 10266 | Orc:2    | Noticed a two-headed ogre
 10274 | Orc:2    | Killed a two-headed ogre
 10304 | Orc:2    | Noticed a two-headed ogre
 10315 | Orc:2    | Killed a two-headed ogre
 10390 | Orc:2    | Received a gift from Trog
 10614 | Orc:2    | Noticed a two-headed ogre
 10621 | Orc:2    | Killed a two-headed ogre
 10757 | Orc:2    | Noticed an orc warlord
 10774 | Orc:2    | Killed an orc warlord
 10802 | Orc:2    | Noticed an orc high priest
 10815 | Orc:2    | Found Noapyd's Distillery.
 10815 | Orc:2    | Noticed an orc high priest
 11080 | Orc:2    | Noticed an orc high priest
 11093 | Orc:2    | Killed an orc high priest
 11162 | Orc:2    | Killed an orc high priest
 11163 | Orc:2    | Reached skill level 10 in Slings
 11200 | Orc:2    | Found a roughly hewn altar of Beogh.
 11218 | Orc:2    | Found Paduuchu's Antique Armour Boutique.
 11305 | Orc:2    | Killed an orc high priest
 11364 | Orc:2    | Noticed an orc high priest
 11389 | Orc:2    | Killed an orc high priest
 11582 | Orc:2    | Received a gift from Trog
 11594 | Orc:2    | Paralysed by an orc sorcerer for 7 turns
 11760 | Orc:2    | Found a staircase to the Elven Halls.
 11988 | Orc:2    | Found a roughly hewn altar of Beogh.
 12109 | Orc:2    | Noticed a two-headed ogre
 12113 | Orc:2    | Killed a two-headed ogre
 12120 | Orc:2    | Reached XP level 13. HP: 66/115 MP: 12/12
 12238 | Orc:2    | Found Qustriru's Book Boutique.
 12300 | Orc:2    | Found Meustreadgh's Armour Shop.
 12902 | Lair:1   | Entered Level 1 of the Lair of Beasts
 13894 | Lair:2   | Received a gift from Trog
 14002 | Lair:2   | Found the brooch of Shielding {Spirit SH+8}
 14007 | Lair:2   | Found a runed translucent gate.
 14040 | Lair:2   | Found a dark tunnel.
 14047 | Volcano  | Entered a volcano
 15192 | Lair:2   | Found a runed translucent gate.
 15193 | Lair:2   | Found a runed translucent gate.
 15197 | Lair:2   | Noticed Iskender's ghost (journeyman FoCK)
 15450 | Lair:2   | Killed Iskender's ghost
 15551 | Lair:3   | Received a gift from Trog
 15567 | Lair:3   | Got a bone long sword {god gift}
 15568 | Lair:3   | Identified the +9 long sword "Ijimiq" {vorpal, rF+ Int+3}
                  | (Trog gifted it to you on level 3 of the Lair of Beasts)
 15605 | Lair:3   | Reached XP level 14. HP: 126/130 MP: 13/13
 16109 | Lair:3   | Found a runed translucent gate.
 16110 | Lair:3   | Found a runed translucent gate.
 16111 | Lair:3   | Found a runed translucent gate.
 16113 | Lair:3   | Found a viscous altar of Jiyva.
 16113 | Lair:3   | Noticed manix's ghost (journeyman DDAr)
 16284 | Lair:3   | Noticed Rupert
 16299 | Lair:3   | Killed Rupert
 16700 | Lair:3   | Killed manix's ghost
 16724 | Lair:3   | Cast into level 2 of the Abyss (unwielding a weapon of
                  | distortion)
 16856 | Abyss:2  | Noticed a starcursed mass
 16872 | Abyss:2  | Paralysed by accursed screaming for 1 turns
 16998 | Abyss:2  | Noticed a starcursed mass
 17059 | Abyss:2  | Gained mutation: You are clumsy. (Dex -2) [a neqoxec]
 17236 | Abyss:2  | Received a gift from Trog
 17245 | Abyss:2  | Noticed a starcursed mass
 17273 | Abyss:2  | Paralysed by accursed screaming for 1 turns
 17279 | Abyss:2  | Noticed a tentacled starspawn
 17350 | Abyss:2  | Slain by a bog body

Illustrated notes

Levels and vault maps discovered:
D:1:      lemuel_arrival_tunnels, layout_basic
D:2:      layout_loops_cross, brannock_xom_greatest_gift, uniq_robin,
          uniq_jessica
D:3:      layout_rooms, nzn_wu_jian_council_hall, uniq_purgy
D:4:      kennysheep_the_goblin_king, layout_basic, nicolae_ru_path_of_blood,
          tso_altar, uniq_grinder
D:5:      layout_basic, serial_shops, nicolae_shop_competitors_out_of_business,
          shop, kennysheep_mini_moat, shop, uniq_menkaure
D:6:      layout_basic, ebering_ghost_inner_flame, fedhas_altar_decomposition,
          uniq_pikel
D:7:      layout_rooms, minmay_temple_entry_hall, grunt_ministairs_2,
          lemuel_flamethrower_1
D:8:      layout_loops_corners, kennysheep_little_box
D:9:      layout_long_grid, lair_entry_dummy, lightli_orcish_oven, uniq_grum
D:10:     layout_big_octagon, david_orc_4
Lair:1:   layout_cave_shapes, serial_bayou_shore_a, infiniplex_staircase_pool_2
Lair:2:   layout_gridlike, enter_volcano_2, gammafunk_ghost_necromancy,
          zaba_anthell
Lair:3:   layout_hall_layers, gammafunk_ghost_ooze, minivault_24,
          beast_lair_carwin_3, uniq_rupert
Orc:1:    layout_caves, enter_bailey_4, serial_shops, shop
Orc:2:    pubby_orc_utopia
Abyss:2:  base: D:13, bh_abyss_exit_grid, evilmike_abyss_exit_vortex,
          hangedman_stitches_earthworm

Skill      XL: |  1  2  3  4  5  6  7  8  9 10 11 12 13 14 |
---------------+-------------------------------------------+-----
Fighting       | 4 5 6 7 8 9 10 12 13 14 | 14.9
Long Blades    | 4 5 6 7 8 10 11 12 13 14 | 14.9
Armour         | 3 4 5 7 8 9 11 13 | 13.8
Dodging        | 3 4 5 6 |  6.2
Shields        | 1 2 3 5 6 8 9 |  9.8
Slings         | 4 7 8 11 12 | 12.3
Stealth        | 1 |  1.1

Action                   |  1- 3 |  4- 6 |  7- 9 | 10-12 | 13-15 || total
-------------------------+-------+-------+-------+-------+-------++-------
Melee: Falchion          |    67 |   107 |   102 |       |    68 ||   344
       Headbutt          |    11 |    19 |    57 |   107 |   140 ||   334
       Long sword        |       |       |    77 |   442 |   403 ||   922
 Fire: Hunting sling     |       |       |    18 |   345 |    94 ||   457
Invok: Berserk           |       |     1 |     1 |     4 |     3 ||     9
       Trog's Hand       |       |     1 |     1 |     2 |     6 ||    10
       Brothers in Arms  |       |       |       |     1 |     4 ||     5
  Use: Scroll            |     1 |     2 |    10 |     6 |     7 ||    26
       Potion            |       |       |       |       |     1 ||     1
 Stab: Distracted        |       |       |       |       |     1 ||     1
Armor: Scale mail        |    22 |    22 |       |       |       ||    44
       Animal skin       |     1 |       |       |       |       ||     1
       Chain mail        |       |    32 |    50 |   187 |    56 ||   325
       Plate armour      |       |       |       |       |    82 ||    82
Dodge: Dodged            |    33 |    58 |    98 |   381 |   216 ||   786
Block: Buckler           |     5 |    10 |    19 |   124 |   190 ||   348
       Rpst.: Falchion   |     7 |    11 |    17 |       |     3 ||    38
       Long sword        |       |       |    13 |    67 |    57 ||   137
